 Dungeon Crawl Stone Soup version 0.29-a0-668-g12ee2bf84d (console) character file.

Game seed: 12234534788863759858

75 om the Cutter (level 4, -4/24 HPs)
             Began as a Kobold Enchanter on June 23, 2022.
             Was a Follower of Sif Muna.
             Slain by a gnoll
             ... wielding a +0 spear
              (5 damage)
             ... on level 2 of the Dungeon.
             The game lasted 00:04:14 (1875 turns).

om the Cutter (Kobold Enchanter)                    Turns: 1875, Time: 00:04:14

Health: -4/24      AC:  2    Str:  5    XL:     4   Next: 55%
Magic:  3/7        EV: 15    Int: 16    God:    Sif Muna [*.....]
Gold:   110        SH:  0    Dex: 17    Spells: 5/7 levels left

rFire   . . .      SeeInvis .   a - +1 dagger
rCold   . . .      Faith    .   (no shield)
rNeg    . . .      Spirit   .   b - +0 robe
rPois   .          Reflect  .   (no helmet)
rElec   .          Harm     .   (no cloak)
rCorr   .          Rampage  .   (no gloves)
Will    .....                   (no boots)
Stlth   ++++......              (no amulet)
HPRegen 0.08/turn               (no ring)
MPRegen 0.10/turn               (no ring)

@: invisible
A: small, no large weapons, nightstalker 3
a: Renounce Religion, Channel Magic


You were on level 2 of the Dungeon.
You worshipped Sif Muna.
Sif Muna was aware of your devotion.
You visited 1 branch of the dungeon, and saw 2 of its levels.

You collected 110 gold pieces.

Inventory:

Hand Weapons
 a - a +1 dagger (weapon)
Armour
 b - a +0 robe (worn)
Scrolls
 g - a scroll of noise {unknown}
Potions
 d - a potion of heal wounds {unknown}
 e - a potion of magic {unknown}
 f - a potion of lignification {unknown}


   Skills:
 * Level 5.4 Short Blades
 - Level 2.4 Dodging
 - Level 4.0 Stealth
 - Level 2.1 Spellcasting
 - Level 3.0 Hexes


You had 5 spell levels left.
You knew the following spells:

 Your Spells              Type           Power      Damage    Failure   Level
a - Ensorcelled Hibernat  Hex/Ice        12%        N/A       17%         2

Your spell library contained the following spells:

 Spells                   Type           Power      Damage    Failure   Level
 Confusing Touch          Hex            11%        N/A       19%         3
 Tukima's Dance           Hex            11%        N/A       19%         3
 Apportation              Tloc           2%         N/A       21%         1
 Necrotize                Necr           4%         1d4       21%         1
 Summon Small Mammal      Summ           4%         N/A       21%         1
 Dazzling Flash           Conj/Hex       12%        N/A       32%         3


Dungeon Overview and Level Annotations

Branches:
Dungeon (2/15)

Altars:
Sif Muna


Innate Abilities, Weirdness & Mutations

You are small and have problems with some larger weapons.
You are completely attuned to the shadows.


Message History

A gnoll is nearby!
You miscast Ensorcelled Hibernation.
You are very lightly contaminated with residual magic.
Nothing appears to happen.
The gnoll looks drowsy...
The gnoll shouts!
The gnoll misses you.
You closely miss the gnoll.
The gnoll is unaffected.
The gnoll hits you with a +0 spear.
You hit the gnoll.
The gnoll is lightly wounded.
The gnoll misses you. The gnoll attacks as you move away! The gnoll misses you.
The gnoll hits you from afar with a +0 spear.
Your magical contamination has completely faded away.
The gnoll throws a stone.
The stone completely misses you.
The gnoll throws a stone.
The stone closely misses you.
The gnoll looks drowsy...
The gnoll shouts!
The gnoll throws a stone.
The stone barely misses you. The gnoll closely misses you.
You hit the gnoll but do no damage.
The gnoll is lightly wounded.
The gnoll misses you.
You hit the gnoll.
The gnoll is heavily wounded.
The gnoll closely misses you.
You hit the gnoll.
The gnoll is severely wounded.
You barely miss the gnoll.
The gnoll is severely wounded.
The gnoll hits you with a +0 spear!
* * * LOW HITPOINT WARNING * * *
You hit the gnoll. Your punch misses the gnoll.
The gnoll is severely wounded.
The gnoll hits you with a +0 spear.
* * * LOW HITPOINT WARNING * * *
You fade into invisibility!
The gnoll hits you with a +0 spear.
You die...

#.# #........# #.#
#........# #.# #.........
#.# #......... #g#
#......... #.# #........#
#.# #######...<....#
##.######..............##
#......g@................
#########..........รท.....
#..........####..
#..........# #..
############ #..


You could see a gnoll (can't see you).

Vanquished Creatures
  Jessica (D:2)
  A gnoll (D:2)
  2 adders (D:2)
  2 goblins (D:1)
  3 hobgoblins
  2 kobolds
  2 quokkas (D:2)
  3 ball pythons
  3 bats
  4 frilled lizards (D:1)
  A rat (D:1)
  A spectral hobgoblin (D:1)
25 creatures vanquished.

Notes
Turn   | Place    | Note
-------+----------+-------------------------------------------
     0 | D:1      | om the Kobold Enchanter began the quest for the Orb.
     0 | D:1      | Reached XP level 1. HP: 10/10 MP: 3/3
   235 | D:1      | Reached skill level 2 in Short Blades
   292 | D:1      | Reached XP level 2. HP: 15/15 MP: 5/5
   475 | D:1      | Reached skill level 3 in Short Blades
   758 | D:1      | Found a faded altar of an unknown god.
   765 | D:1      | Learned a level 2 spell: Ensorcelled Hibernation
   774 | D:1      | Prayed at the altar of an unknown god.
   774 | D:1      | Became a worshipper of Sif Muna the Loreminder
   774 | D:1      | Reached * piety under Sif Muna
  1009 | D:2      | Noticed Jessica
  1013 | D:2      | Killed Jessica
  1014 | D:2      | Reached skill level 4 in Short Blades
  1014 | D:2      | Reached XP level 3. HP: 10/19 MP: 1/6
  1431 | D:2      | Reached XP level 4. HP: 24/24 MP: 7/7
  1504 | D:2      | Reached skill level 5 in Short Blades
  1874 | D:2      | HP: 1/24 [gnoll/+0 spear (4)]
  1875 | D:2      | Slain by a gnoll

Illustrated notes

Levels and vault maps discovered:
D:1:      onia_arrival_mini_maze, layout_rooms,
          dreamdust_ecumenical_altar_drowned_temple, minmay_misc_feat_plants
D:2:      layout_basic, minmay_split_cup_large, uniq_jessica

Skill      XL: |  1  2  3  4 |
---------------+-------------+-----
Short Blades   | 2 4 5 |  5.4
Dodging        | |  2.4
Stealth        | |  4.0
Spellcasting   | |  2.1
Hexes          | |  3.0

Action                   |  1- 3 |  4- 6 || total
-------------------------+-------+-------++-------
Melee: Dagger            |    53 |    11 ||    64
 Cast: Ensorcelled Hiber |     4 |     8 ||    12
  Use: Potion            |     1 |     1 ||     2
 Stab: Sleeping          |    13 |     3 ||    16
       Invisible         |     1 |       ||     1
Armor: Robe              |     4 |       ||     4
Dodge: Dodged            |    48 |    16 ||    64

Table legend: (Time is in decaauts)
 A = Elapsed time spent in this place.
 B = Non-inter-level travel time spent in this place.
 C = Inter-level travel time spent in this place.
 D = Time resting spent in this place.
 E = Time spent auto-exploring this place.
 F = Levels seen in this place.
 G = Mean time per level.
                   A        B        C        D        E       F      G
               +--------+--------+--------+--------+--------+-----+--------+
         Total |   1872 |   1868 |      4 |    325 |   1194 |   2 |  936.0 |
       Dungeon |   1872 |   1868 |      4 |    325 |   1194 |   2 |  936.0 |
               +--------+--------+--------+--------+--------+-----+--------+

Top non-repeatable levels by time:
     D:1: 1010 daAuts
     D:2: 862 daAuts
